Avalanche vs Flames

Created - March 16, 2017 at 17:49

Goals
1 2 3 T
Avalanche 0 3 1 4
Flames 3 0 2 5
Shots
1 2 3 T
Avalanche 7 19 22 48
Flames 7 3 12 22

1st period

1. Flames , Shane Doan 19 (James van Riemsdyk, Jared Spurgeon) at 10:57
2. Flames , Devante Smith-Pelly 13 (Peter Holland, Dustin Brown) at 13:35
3. Flames , Shane Doan 20 (Antoine Vermette, Alec Martinez) at 14:15

Penalties :
Alexandre Burrows (COL) for Holding (Minor) at 4:56, Josh Gorges (CGY) for Hooking (Minor) at 16:20

2nd period

4. Avalanche , Alexandre Burrows 13 (Ty Rattie, Jaccob Slavin) at 3:55
5. Avalanche , Jeff Skinner 29 (Sami Vatanen, Alexander Steen) at 10:08 (PP)
6. Avalanche , Alexandre Burrows 14 (Willie Mitchell, Matt Cullen) at 18:12

Penalties :
Martin Hanzal (COL) for High sticking (Minor) at 5:01, Josh Gorges (CGY) for Delaying the game (Minor) at 8:50, Josh Gorges (CGY) for Interference (Minor) at 13:35, Alec Martinez (CGY) for Roughing (Minor) at 15:37

3rd period

7. Flames , James van Riemsdyk 19 (Antoine Vermette, Alec Martinez) at 11:44
8. Flames , Shane Doan 21 (Alec Martinez, Antoine Vermette) at 14:43
9. Avalanche , Max Domi 18 (Kevin Bieksa) at 15:03

Penalties :
Justin Faulk (CGY) for Roughing (Minor) at 1:36, James van Riemsdyk (CGY) for Roughing (Minor) at 16:32, Martin Hanzal (COL) for Hooking (Minor) at 16:32

Goalie Stats

Jimmy Howard (COL), 17 saves from 22 shots - (0.773), L, 16-10-4, 58:39 minutes
Andrei Vasilevskiy (CGY), 44 saves from 48 shots - (0.917), W, 9-8-0, 60:00 minutes

Players Stats for Avalanche

Player Name              G  A  P  +/- PIM S  H  SB GA TA FO     MP     PP MP  PK MP  
------------------------------------------------------------------------------------
Alexander Steen          0  1  1  -2  0   8  0  0  0  0  15/33  19:04   3:48   0:08 
Alexandre Burrows        2  0  2   1  2   4  2  0  0  0  1/1    16:44   0:00   1:06 
Dylan Larkin             0  0  0  -1  0   3  0  0  0  0  5/6     3:13   0:00   0:00 
Jaccob Slavin            0  1  1  -1  0   0  0  1  0  0  0/0    22:22   4:22   2:21 
Jeff Skinner             1  0  1  -2  0   3  0  0  0  0  1/2    18:27   3:48   0:00 
Joakim Nordstrom         0  0  0  -1  0   4  0  0  0  0  0/0     5:07   0:00   1:54 
Kevin Bieksa             0  1  1   0  0   2  4  1  0  0  0/0    19:28   0:00   2:02 
Kevin Shattenkirk        0  0  0   0  0   3  0  1  0  0  0/0    25:19   4:08   1:48 
Martin Hanzal            0  0  0  -1  4   3  4  0  0  0  12/28  21:09   5:26   0:50 
Mats Zuccarello          0  0  0  -2  0   2  0  0  0  0  0/2    21:22   4:18   1:56 
Matt Cullen              0  1  1   2  0   1  0  1  0  0  9/19   15:10   0:00   2:02 
Max Domi                 1  0  1  -1  0   5  0  0  0  0  0/2    20:21   5:26   0:00 
Sami Vatanen             0  1  1   0  0   3  1  0  0  0  0/0    17:22   4:52   0:00 
Tom Gilbert              0  0  0  -1  0   1  0  3  0  0  0/0    12:50   0:14   0:08 
Tomas Hertl              0  0  0  -1  0   1  2  0  0  0  3/4    20:57   4:56   0:00 
Ty Rattie                0  1  1   2  0   4  0  0  0  0  1/1    12:26   0:00   0:00 
Tyson Barrie             0  0  0  -1  0   0  0  1  0  0  0/0     7:19   4:52   0:00 
Willie Mitchell          0  1  1  -1  0   1  2  1  0  0  0/0    15:20   0:00   1:37 

Players Stats for Flames

Player Name              G  A  P  +/- PIM S  H  SB GA TA FO     MP     PP MP  PK MP  
------------------------------------------------------------------------------------
Adam Lowry               0  0  0   0  0   1  3  0  0  0  12/25  17:17   1:51   0:00 
Alec Martinez            0  3  3   1  2   0  4  3  0  0  0/0    23:30   0:00   4:20 
Andrej Nestrasil         0  0  0   0  0   0  0  0  0  0  2/4     1:33   0:00   0:00 
Antoine Vermette         0  3  3   1  0   3  2  0  0  0  13/22  17:13   2:07   0:00 
Boyd Gordon              0  0  0   0  0   0  0  0  0  0  9/16    6:58   0:00   6:10 
Brady Skjei              0  0  0   1  0   0  0  0  0  0  0/0    15:22   0:00   3:29 
Devante Smith-Pelly      1  0  1   0  0   3  1  0  0  0  0/0    12:20   0:00   0:00 
Dustin Brown             0  1  1   0  0   1  0  1  0  0  1/4    13:01   0:00   0:35 
James van Riemsdyk       1  1  2   2  2   1  4  0  0  0  1/3    24:59   2:07   5:50 
Jared Spurgeon           0  1  1   0  0   1  0  1  0  0  0/0    21:35   1:51   4:00 
Jarome Iginla            0  0  0   0  0   2  0  0  0  0  0/0    20:06   1:51   2:49 
Jarret Stoll             0  0  0   1  0   0  0  0  0  0  2/5     1:57   0:00   0:00 
John Carlson             0  0  0   1  0   0  0  4  0  0  0/0    26:32   2:07   5:14 
Josh Gorges              0  0  0   1  6   0  3  2  0  0  0/0    15:22   2:07   1:25 
Justin Faulk             0  0  0   0  2   1  4  0  0  0  0/0    17:34   1:51   0:00 
Kyle Palmieri            0  0  0   0  0   2  0  0  0  0  2/5    20:21   1:51   3:04 
Peter Holland            0  1  1   0  0   1  0  0  0  0  9/14   12:20   0:00   0:00 
Shane Doan               3  0  3   2  0   6  4  0  0  0  0/0    20:41   2:07   0:00 

3 Stars

1 - Shane Doan (CGY)
2 - James van Riemsdyk (CGY)
3 - Alexandre Burrows (COL)

Power Play

Avalanche - 1 on 5 Attempt(s) - 20.00%
Flames - 0 on 2 Attempt(s) - 0.00%

Penalty Kill

Avalanche - 2 on 2 Attempt(s) - 100.00% - Score 0 goal in Penalty Kill
Flames - 4 on 5 Attempt(s) - 80.00% - Score 0 goal in Penalty Kill

Team Stat

Avalanche - Hits : 15 - Faceoff Wins : 47 - Blocked Shots : 9 - Penalty Minutes : 6
Flames - Hits : 25 - Faceoff Wins : 51 - Blocked Shots : 11 - Penalty Minutes : 12

Official

Referees : Francis Charron and Garrett Rank
Linesman : Mark Wheler and Scott Cherrey

Game Notes

Shane Doan has scored a Hat Trick!

Finance

Level 1 -- Attendance: 6155 (94.69%) -- Ticket Income $615,500
Level 2 -- Attendance: 4983 (99.66%) -- Ticket Income $274,065
Level 3 -- Attendance: 3500 (100.00%) -- Ticket Income $157,500
Level 4 -- Attendance: 2929 (89.05%) -- Ticket Income $73,225
Luxury Box -- Attendance: 1000 (100.00%) -- Ticket Income $150,000
Game was played at the Scotiabank Saddledome.
Total Attendance: 18567 (96.26%)
Total Ticket Income: $1,270,290
Other Income: $190,544
Total Income: $1,460,834

% Time on Ice - Avalanche

Lines # - Real PCT - Wanted PCT - Time Play
Normal Forward
1 - 34% - 35% - 14:55
2 - 31% - 30% - 13:33
3 - 28% - 25% - 12:26
4 - 7% - 10% - 3:13
Normal Defense
1 - 40% - 40% - 17:26
2 - 28% - 30% - 12:30
3 - 28% - 20% - 12:28
4 - 4% - 10% - 1:43
PP Forward
1 - 59% - 50% - 5:26
2 - 41% - 50% - 3:48
PP Defense
1 - 53% - 50% - 4:52
2 - 47% - 50% - 4:22
PK Forward
1 - 48% - 50% - 1:54
2 - 52% - 50% - 2:04
PK Defense
1 - 59% - 55% - 2:21
2 - 41% - 45% - 1:37
PK3 Forward
1 - 0% - 50%
2 - 0% - 50%
PK3 Defense
1 - 0% - 60%
2 - 0% - 40%
44 Forward
1 - 55% - 50% - 1:06
2 - 45% - 50% - 0:53
44 Defense
1 - 37% - 50% - 0:44
2 - 63% - 50% - 1:15
Last Minute Offensive  - 0:42
Last Minute Defensive  - 0:00
Total
Forward - 60:00
Defense - 60:00

% Time on Ice - Flames

Lines # - Real PCT - Wanted PCT - Time Play
Normal Forward
1 - 34% - 40% - 15:06
2 - 34% - 30% - 15:26
3 - 28% - 20% - 12:20
4 - 4% - 10% - 1:57
Normal Defense
1 - 39% - 40% - 17:19
2 - 34% - 30% - 15:07
3 - 27% - 20% - 11:53
4 - 1% - 10% - 0:30
PP Forward
1 - 53% - 60% - 2:07
2 - 47% - 40% - 1:51
PP Defense
1 - 53% - 60% - 2:07
2 - 47% - 40% - 1:51
PK Forward
1 - 69% - 60% - 6:25
2 - 31% - 40% - 2:49
PK Defense
1 - 57% - 60% - 5:14
2 - 43% - 40% - 4:00
PK3 Forward
1 - 0% - 60%
2 - 0% - 40%
PK3 Defense
1 - 0% - 60%
2 - 0% - 40%
44 Forward
1 - 100% - 60% - 1:59
2 - 0% - 40% - 0:00
44 Defense
1 - 69% - 60% - 1:22
2 - 31% - 40% - 0:37
Last Minute Offensive  - 0:00
Last Minute Defensive  - 0:00
Total
Forward - 60:00
Defense - 60:00

Play by Play

1st period


0:01 of 1st period - Martin Hanzal wins face-off versus Antoine Vermette in neutral zone.
1:00 of 1st period - Icing by Jared Spurgeon.
1:01 of 1st period - Alexander Steen wins face-off versus Adam Lowry in Flames zone.
1:28 of 1st period - Shot by Alexander Steen.
1:28 of 1st period - Stopped by Andrei Vasilevskiy without a rebound.
1:29 of 1st period - Matt Cullen wins face-off versus Peter Holland in Flames zone.
1:47 of 1st period - Off-side.
1:48 of 1st period - Jarret Stoll wins face-off versus Alexander Steen in neutral zone.
1:57 of 1st period - Shot by Alexander Steen.
1:57 of 1st period - Shot Misses the Net.
2:03 of 1st period - Shot by Jeff Skinner.
2:03 of 1st period - Deflect By Alexander Steen.
2:03 of 1st period - Stopped by Andrei Vasilevskiy without a rebound.
2:04 of 1st period - Dylan Larkin wins face-off versus Peter Holland in Flames zone.
2:05 of 1st period - Shot by Joakim Nordstrom.
2:05 of 1st period - Shot Misses the Net.
2:07 of 1st period - Shot by Joakim Nordstrom.
2:07 of 1st period - Stopped by Andrei Vasilevskiy without a rebound.
2:08 of 1st period - Peter Holland wins face-off versus Matt Cullen in Flames zone.
2:08 of 1st period - Peter Holland is hit by Alexandre Burrows.
2:38 of 1st period - Shot by Dustin Brown.
2:38 of 1st period - Shot Misses the Net.
4:10 of 1st period - Shot by Shane Doan.
4:10 of 1st period - Stopped by Jimmy Howard with a rebound.
4:56 of 1st period - Minor Penalty to Alexandre Burrows for Holding.
4:57 of 1st period - Matt Cullen wins face-off versus Adam Lowry in Avalanche zone.
4:57 of 1st period - Matt Cullen is hit by Adam Lowry.
5:56 of 1st period - Shot by John Carlson.
5:56 of 1st period - Shot Misses the Net.
5:58 of 1st period - Shot by Antoine Vermette.
5:58 of 1st period - Deflect By Shane Doan.
5:58 of 1st period - Shot Misses the Net.
6:42 of 1st period - Shot by Jared Spurgeon.
6:42 of 1st period - Shot Blocked by Jaccob Slavin.
6:44 of 1st period - Shot by Adam Lowry.
6:44 of 1st period - Stopped by Jimmy Howard without a rebound.
6:45 of 1st period - Kyle Palmieri wins face-off versus Matt Cullen in Avalanche zone.
6:50 of 1st period - Shot by Jared Spurgeon.
6:50 of 1st period - Shot Blocked by Matt Cullen.
6:54 of 1st period - Shot by Jared Spurgeon.
6:54 of 1st period - Shot Misses the Net.
7:01 of 1st period - Sami Vatanen is hit by Alec Martinez and loses puck.
7:08 of 1st period - Shot by Dylan Larkin.
7:08 of 1st period - Stopped by Andrei Vasilevskiy without a rebound.
7:09 of 1st period - Peter Holland wins face-off versus Alexander Steen in Flames zone.
7:21 of 1st period - Off-side.
7:22 of 1st period - Adam Lowry wins face-off versus Martin Hanzal in neutral zone.
8:09 of 1st period - Kyle Palmieri is hit by Martin Hanzal and loses puck.
8:20 of 1st period - Kyle Palmieri is hit by Alexandre Burrows and loses puck.
8:55 of 1st period - Kevin Bieksa is hit by Antoine Vermette and loses puck.
9:19 of 1st period - Icing by Ty Rattie.
9:20 of 1st period - Peter Holland wins face-off versus Matt Cullen in Avalanche zone.
9:22 of 1st period - Dustin Brown is hit by Kevin Bieksa and loses puck.
10:02 of 1st period - Shot by Jeff Skinner.
10:02 of 1st period - Stopped by Andrei Vasilevskiy without a rebound.
10:03 of 1st period - Martin Hanzal wins face-off versus Antoine Vermette in Flames zone.
10:12 of 1st period - Shot by Tomas Hertl.
10:12 of 1st period - Shot Misses the Net.
10:18 of 1st period - Shot by Shane Doan.
10:18 of 1st period - Shot Blocked by Tyson Barrie.
10:20 of 1st period - Shot by Justin Faulk.
10:20 of 1st period - Shot Misses the Net.
10:22 of 1st period - Shot by Shane Doan.
10:22 of 1st period - Stopped by Jimmy Howard without a rebound.
10:23 of 1st period - Alexander Steen wins face-off versus Jarret Stoll in Avalanche zone.
10:29 of 1st period - Icing by James van Riemsdyk.
10:30 of 1st period - Jarret Stoll wins face-off versus Martin Hanzal in Flames zone.
10:49 of 1st period - Shot by Martin Hanzal.
10:49 of 1st period - Shot Blocked by Jared Spurgeon.
10:55 of 1st period - Shot by James van Riemsdyk.
10:55 of 1st period - Shot Misses the Net.
10:57 of 1st period - Shot by Shane Doan.
10:57 of 1st period - Goal by Shane Doan - Avalanche : 0 - Flames : 1.
10:58 of 1st period - Alexander Steen wins face-off versus Adam Lowry in neutral zone.
11:10 of 1st period - Mats Zuccarello is hit by Alec Martinez and loses puck.
11:56 of 1st period - Icing by Jaccob Slavin.
11:57 of 1st period - Antoine Vermette wins face-off versus Alexander Steen in Avalanche zone.
12:05 of 1st period - Icing by Jaccob Slavin.
12:06 of 1st period - Alexander Steen wins face-off versus James van Riemsdyk in Avalanche zone.
12:16 of 1st period - Antoine Vermette is hit by Sami Vatanen and loses puck.
12:27 of 1st period - Shot by Shane Doan.
12:27 of 1st period - Shot Misses the Net.
12:39 of 1st period - Shot by Antoine Vermette.
12:39 of 1st period - Shot Misses the Net.
12:41 of 1st period - Shot by Jared Spurgeon.
12:41 of 1st period - Shot Misses the Net.
12:53 of 1st period - Icing by Jeff Skinner.
12:54 of 1st period - Alexander Steen wins face-off versus Adam Lowry in Avalanche zone.
13:05 of 1st period - Jeff Skinner is hit by Adam Lowry and loses puck.
13:10 of 1st period - Shot by Jarome Iginla.
13:10 of 1st period - Stopped by Jimmy Howard without a rebound.
13:11 of 1st period - Peter Holland wins face-off versus Martin Hanzal in Avalanche zone.
13:13 of 1st period - Devante Smith-Pelly is hit by Kevin Bieksa and loses puck.
13:33 of 1st period - Shot by Devante Smith-Pelly.
13:33 of 1st period - Shot Misses the Net.
13:35 of 1st period - Shot by Devante Smith-Pelly.
13:35 of 1st period - Goal by Devante Smith-Pelly - Avalanche : 0 - Flames : 2.
13:36 of 1st period - Antoine Vermette wins face-off versus Dylan Larkin in neutral zone.
13:55 of 1st period - Shot by John Carlson.
13:55 of 1st period - Shot Blocked by Tom Gilbert.
13:57 of 1st period - Shot by John Carlson.
13:57 of 1st period - Shot Blocked by Tom Gilbert.
13:59 of 1st period - Shot by Antoine Vermette.
13:59 of 1st period - Shot Misses the Net.
14:15 of 1st period - Shot by Shane Doan.
14:15 of 1st period - Goal by Shane Doan - Avalanche : 0 - Flames : 3.
14:16 of 1st period - Adam Lowry wins face-off versus Martin Hanzal in neutral zone.
14:46 of 1st period - Icing by Justin Faulk.
14:47 of 1st period - Adam Lowry wins face-off versus Matt Cullen in Flames zone.
15:32 of 1st period - Icing by Tom Gilbert.
15:33 of 1st period - Peter Holland wins face-off versus Matt Cullen in Avalanche zone.
15:41 of 1st period - Icing by Willie Mitchell.
15:42 of 1st period - Matt Cullen wins face-off versus Antoine Vermette in Avalanche zone.
16:19 of 1st period - Shot by Martin Hanzal.
16:19 of 1st period - Stopped by Andrei Vasilevskiy without a rebound.
16:20 of 1st period - Alexander Steen wins face-off versus Adam Lowry in Flames zone.
16:20 of 1st period - Minor Penalty to Josh Gorges for Hooking.
16:21 of 1st period - Boyd Gordon wins face-off versus Alexander Steen in Flames zone.
16:32 of 1st period - Brady Skjei is hit by Tomas Hertl and loses puck.
17:50 of 1st period - Shot by Kevin Shattenkirk.
17:50 of 1st period - Stopped by Andrei Vasilevskiy with a rebound.
17:59 of 1st period - Icing by Martin Hanzal.
18:00 of 1st period - Martin Hanzal wins face-off versus Boyd Gordon in Avalanche zone.
18:08 of 1st period - Martin Hanzal is hit by James van Riemsdyk.
18:11 of 1st period - Off-side.
18:12 of 1st period - Boyd Gordon wins face-off versus Alexander Steen in neutral zone.
18:33 of 1st period - Shot by Alexandre Burrows.
18:33 of 1st period - Shot Blocked by Josh Gorges.
18:35 of 1st period - Shot by Matt Cullen.
18:35 of 1st period - Shot Blocked by Dustin Brown.
18:39 of 1st period - Shot by Alexandre Burrows.
18:39 of 1st period - Shot Hit the Post.
18:41 of 1st period - Shot by Alexandre Burrows.
18:41 of 1st period - Shot Misses the Net.
18:43 of 1st period - Shot by Willie Mitchell.
18:43 of 1st period - Shot Misses the Net.
19:03 of 1st period - Off-side.
19:04 of 1st period - Adam Lowry wins face-off versus Alexander Steen in neutral zone.
19:34 of 1st period - Shot by Jeff Skinner.
19:34 of 1st period - Shot Misses the Net.
19:55 of 1st period - Icing by Mats Zuccarello.
19:56 of 1st period - James van Riemsdyk wins face-off versus Alexander Steen in Avalanche zone.
19:59 of 1st period - Shot by James van Riemsdyk.
19:59 of 1st period - Shot Misses the Net.
Goals for this period are 0 for Avalanche vs 3 for Flames.
Shots for this period are 7 for Avalanche vs 7 for Flames.

2nd period


0:01 of 2nd period - Antoine Vermette wins face-off versus Martin Hanzal in neutral zone.
0:14 of 2nd period - Tomas Hertl is hit by James van Riemsdyk and loses puck.
1:20 of 2nd period - Shot by Joakim Nordstrom.
1:20 of 2nd period - Stopped by Andrei Vasilevskiy with a rebound.
1:32 of 2nd period - Shot by Kyle Palmieri.
1:32 of 2nd period - Stopped by Jimmy Howard without a rebound.
1:33 of 2nd period - Peter Holland wins face-off versus Alexander Steen in Avalanche zone.
1:58 of 2nd period - Mats Zuccarello is hit by Josh Gorges and loses puck.
2:24 of 2nd period - Icing by Brady Skjei.
2:25 of 2nd period - Peter Holland wins face-off versus Martin Hanzal in Flames zone.
2:29 of 2nd period - Josh Gorges is hit by Martin Hanzal.
3:05 of 2nd period - Shot by Tomas Hertl.
3:05 of 2nd period - Shot Misses the Net.
3:41 of 2nd period - Shot by Ty Rattie.
3:41 of 2nd period - Deflect By Alexandre Burrows.
3:41 of 2nd period - Shot Misses the Net.
3:53 of 2nd period - Shot by Ty Rattie.
3:53 of 2nd period - Stopped by Andrei Vasilevskiy with a rebound.
3:55 of 2nd period - Shot by Alexandre Burrows.
3:55 of 2nd period - Goal by Alexandre Burrows - Avalanche : 1 - Flames : 3.
3:56 of 2nd period - Adam Lowry wins face-off versus Alexander Steen in neutral zone.
4:01 of 2nd period - Shot by Jarome Iginla.
4:01 of 2nd period - Stopped by Jimmy Howard with a rebound.
4:10 of 2nd period - Mats Zuccarello is hit by Justin Faulk and loses puck.
4:34 of 2nd period - Shot by Jeff Skinner.
4:34 of 2nd period - Shot Misses the Net.
4:36 of 2nd period - Shot by Willie Mitchell.
4:36 of 2nd period - Stopped by Andrei Vasilevskiy with a rebound.
4:38 of 2nd period - Shot by Mats Zuccarello.
4:38 of 2nd period - Stopped by Andrei Vasilevskiy without a rebound.
4:39 of 2nd period - Peter Holland wins face-off versus Martin Hanzal in Flames zone.
5:01 of 2nd period - Minor Penalty to Martin Hanzal for High sticking.
5:02 of 2nd period - Antoine Vermette wins face-off versus Matt Cullen in Avalanche zone.
5:13 of 2nd period - Shot by Josh Gorges.
5:13 of 2nd period - Shot Blocked by Kevin Bieksa.
6:21 of 2nd period - Shot by Kyle Palmieri.
6:21 of 2nd period - Shot Misses the Net.
6:44 of 2nd period - Shane Doan is hit by Willie Mitchell and loses puck.
6:54 of 2nd period - Icing by John Carlson.
6:55 of 2nd period - Antoine Vermette wins face-off versus Matt Cullen in Flames zone.
6:57 of 2nd period - Icing by James van Riemsdyk.
6:58 of 2nd period - Matt Cullen wins face-off versus Antoine Vermette in Flames zone.
7:18 of 2nd period - Shot by Devante Smith-Pelly.
7:18 of 2nd period - Shot Misses the Net.
7:20 of 2nd period - Shot by Alec Martinez.
7:20 of 2nd period - Deflect By Devante Smith-Pelly.
7:20 of 2nd period - Stopped by Jimmy Howard without a rebound.
7:21 of 2nd period - Matt Cullen wins face-off versus Kyle Palmieri in Avalanche zone.
8:32 of 2nd period - Kevin Shattenkirk is hit by James van Riemsdyk and loses puck.
8:50 of 2nd period - Minor Penalty to Josh Gorges for Delaying the game.
8:51 of 2nd period - Alexander Steen wins face-off versus Boyd Gordon in Flames zone.
9:14 of 2nd period - Shot by Tyson Barrie.
9:14 of 2nd period - Shot Blocked by Alec Martinez.
9:16 of 2nd period - Shot by Tyson Barrie.
9:16 of 2nd period - Shot Misses the Net.
9:18 of 2nd period - Shot by Sami Vatanen.
9:18 of 2nd period - Shot Misses the Net.
9:20 of 2nd period - Shot by Jeff Skinner.
9:20 of 2nd period - Shot Blocked by John Carlson.
9:22 of 2nd period - Shot by Sami Vatanen.
9:22 of 2nd period - Shot Blocked by Alec Martinez.
9:58 of 2nd period - Shot by Martin Hanzal.
9:58 of 2nd period - Stopped by Andrei Vasilevskiy without a rebound.
9:59 of 2nd period - Alexander Steen wins face-off versus Kyle Palmieri in Flames zone.
10:06 of 2nd period - Shot by Sami Vatanen.
10:06 of 2nd period - Shot Misses the Net.
10:08 of 2nd period - Shot by Jeff Skinner.
10:08 of 2nd period - Goal by Jeff Skinner - Avalanche : 2 - Flames : 3.
10:09 of 2nd period - Matt Cullen wins face-off versus Dustin Brown in neutral zone.
10:47 of 2nd period - Shot by Dustin Brown.
10:47 of 2nd period - Shot Misses the Net.
11:02 of 2nd period - Alexandre Burrows is hit by Adam Lowry and loses puck.
11:50 of 2nd period - Icing by Kevin Shattenkirk.
11:51 of 2nd period - Alexander Steen wins face-off versus Antoine Vermette in Avalanche zone.
11:51 of 2nd period - Alexander Steen is hit by Shane Doan.
11:59 of 2nd period - Shot by Jeff Skinner.
11:59 of 2nd period - Shot Misses the Net.
12:31 of 2nd period - Alexander Steen is hit by Shane Doan and loses puck.
13:35 of 2nd period - Minor Penalty to Josh Gorges for Interference.
13:36 of 2nd period - Boyd Gordon wins face-off versus Max Domi in Flames zone.
14:01 of 2nd period - Shot by Sami Vatanen.
14:01 of 2nd period - Stopped by Andrei Vasilevskiy without a rebound.
14:02 of 2nd period - Martin Hanzal wins face-off versus Kyle Palmieri in Flames zone.
14:11 of 2nd period - Shot by Martin Hanzal.
14:11 of 2nd period - Stopped by Andrei Vasilevskiy without a rebound.
14:12 of 2nd period - Boyd Gordon wins face-off versus Martin Hanzal in Flames zone.
14:39 of 2nd period - Shot by Sami Vatanen.
14:39 of 2nd period - Stopped by Andrei Vasilevskiy without a rebound.
14:40 of 2nd period - Boyd Gordon wins face-off versus Martin Hanzal in Flames zone.
14:53 of 2nd period - Shot by Max Domi.
14:53 of 2nd period - Stopped by Andrei Vasilevskiy without a rebound.
14:54 of 2nd period - Boyd Gordon wins face-off versus Martin Hanzal in Flames zone.
15:11 of 2nd period - Shot by Max Domi.
15:11 of 2nd period - Stopped by Andrei Vasilevskiy without a rebound.
15:12 of 2nd period - Boyd Gordon wins face-off versus Alexander Steen in Flames zone.
15:37 of 2nd period - Minor Penalty to Alec Martinez for Roughing.
15:38 of 2nd period - Boyd Gordon wins face-off versus Max Domi in Flames zone.
16:01 of 2nd period - Shot by Max Domi.
16:01 of 2nd period - Stopped by Andrei Vasilevskiy without a rebound.
16:02 of 2nd period - Alexander Steen wins face-off versus Boyd Gordon in Flames zone.
16:20 of 2nd period - Icing by Kevin Shattenkirk.
16:21 of 2nd period - Boyd Gordon wins face-off versus Alexander Steen in Avalanche zone.
16:55 of 2nd period - Shot by Mats Zuccarello.
16:55 of 2nd period - Shot Blocked by John Carlson.
16:57 of 2nd period - Shot by Sami Vatanen.
16:57 of 2nd period - Shot Misses the Net.
17:25 of 2nd period - Shot by Max Domi.
17:25 of 2nd period - Stopped by Andrei Vasilevskiy without a rebound.
17:26 of 2nd period - Kyle Palmieri wins face-off versus Alexander Steen in Flames zone.
17:36 of 2nd period - Icing by Tomas Hertl.
17:37 of 2nd period - Matt Cullen wins face-off versus Dustin Brown in Avalanche zone.
17:47 of 2nd period - Shot by Matt Cullen.
17:47 of 2nd period - Shot Misses the Net.
18:12 of 2nd period - Shot by Alexandre Burrows.
18:12 of 2nd period - Goal by Alexandre Burrows - Avalanche : 3 - Flames : 3.
18:13 of 2nd period - Martin Hanzal wins face-off versus Adam Lowry in neutral zone.
19:18 of 2nd period - Shot by Alexander Steen.
19:18 of 2nd period - Shot Blocked by Josh Gorges.
19:20 of 2nd period - Shot by Kevin Bieksa.
19:20 of 2nd period - Stopped by Andrei Vasilevskiy without a rebound.
19:21 of 2nd period - Dylan Larkin wins face-off versus Peter Holland in Flames zone.
19:44 of 2nd period - Shot by Dylan Larkin.
19:44 of 2nd period - Stopped by Andrei Vasilevskiy without a rebound.
19:45 of 2nd period - Alexander Steen wins face-off versus Antoine Vermette in Flames zone.
19:45 of 2nd period - Alexander Steen is hit by Josh Gorges.
19:51 of 2nd period - Shot by Alexander Steen.
19:51 of 2nd period - Stopped by Andrei Vasilevskiy without a rebound.
19:52 of 2nd period - Jeff Skinner wins face-off versus Antoine Vermette in Flames zone.
19:57 of 2nd period - Shot by Alexander Steen.
19:57 of 2nd period - Stopped by Andrei Vasilevskiy with a rebound.
19:59 of 2nd period - Shot by Kevin Shattenkirk.
19:59 of 2nd period - Shot Blocked by Alec Martinez.
Goals for this period are 3 for Avalanche vs 0 for Flames.
Shots for this period are 19 for Avalanche vs 3 for Flames.

3rd period


0:01 of 3rd period - Martin Hanzal wins face-off versus Antoine Vermette in neutral zone.
0:01 of 3rd period - Martin Hanzal is hit by Shane Doan.
0:56 of 3rd period - Off-side.
0:57 of 3rd period - Adam Lowry wins face-off versus Alexander Steen in neutral zone.
1:06 of 3rd period - Shot by Justin Faulk.
1:06 of 3rd period - Stopped by Jimmy Howard without a rebound.
1:07 of 3rd period - Adam Lowry wins face-off versus Matt Cullen in Avalanche zone.
1:34 of 3rd period - Matt Cullen is hit by Justin Faulk and loses puck.
1:36 of 3rd period - Minor Penalty to Justin Faulk for Roughing.
1:37 of 3rd period - Alexander Steen wins face-off versus Boyd Gordon in Flames zone.
1:42 of 3rd period - Shot by Tyson Barrie.
1:42 of 3rd period - Shot Blocked by John Carlson.
1:56 of 3rd period - Shot by Alexander Steen.
1:56 of 3rd period - Shot Misses the Net.
1:58 of 3rd period - Shot by Alexander Steen.
1:58 of 3rd period - Stopped by Andrei Vasilevskiy with a rebound.
2:00 of 3rd period - Shot by Sami Vatanen.
2:00 of 3rd period - Stopped by Andrei Vasilevskiy without a rebound.
2:01 of 3rd period - Martin Hanzal wins face-off versus Boyd Gordon in Flames zone.
2:21 of 3rd period - Icing by Max Domi.
2:22 of 3rd period - Martin Hanzal wins face-off versus Boyd Gordon in Avalanche zone.
2:39 of 3rd period - Shot by Martin Hanzal.
2:39 of 3rd period - Shot Misses the Net.
3:45 of 3rd period - Shot by Devante Smith-Pelly.
3:45 of 3rd period - Stopped by Jimmy Howard with a rebound.
4:16 of 3rd period - Shot by Peter Holland.
4:16 of 3rd period - Stopped by Jimmy Howard without a rebound.
4:17 of 3rd period - Adam Lowry wins face-off versus Alexander Steen in Avalanche zone.
4:30 of 3rd period - Shot by Jeff Skinner.
4:30 of 3rd period - Shot Misses the Net.
4:48 of 3rd period - Icing by Brady Skjei.
4:49 of 3rd period - Adam Lowry wins face-off versus Martin Hanzal in Flames zone.
4:51 of 3rd period - Kyle Palmieri is hit by Martin Hanzal and loses puck.
5:33 of 3rd period - Icing by Josh Gorges.
5:34 of 3rd period - Dylan Larkin wins face-off versus Adam Lowry in Flames zone.
5:37 of 3rd period - Shot by Alexandre Burrows.
5:37 of 3rd period - Stopped by Andrei Vasilevskiy without a rebound.
5:38 of 3rd period - Antoine Vermette wins face-off versus Matt Cullen in Flames zone.
6:07 of 3rd period - Shot by Shane Doan.
6:07 of 3rd period - Shot Blocked by Kevin Shattenkirk.
6:09 of 3rd period - Shot by Antoine Vermette.
6:09 of 3rd period - Stopped by Jimmy Howard with a rebound.
6:11 of 3rd period - Shot by Shane Doan.
6:11 of 3rd period - Stopped by Jimmy Howard without a rebound.
6:12 of 3rd period - Peter Holland wins face-off versus Martin Hanzal in Avalanche zone.
6:29 of 3rd period - Icing by Martin Hanzal.
6:30 of 3rd period - Martin Hanzal wins face-off versus Jarret Stoll in Avalanche zone.
6:52 of 3rd period - Martin Hanzal is hit by Alec Martinez and loses puck.
7:17 of 3rd period - Shane Doan is hit by Kevin Bieksa and loses puck.
7:26 of 3rd period - Shot by Kevin Bieksa.
7:26 of 3rd period - Stopped by Andrei Vasilevskiy with a rebound.
7:28 of 3rd period - Shot by Mats Zuccarello.
7:28 of 3rd period - Shot Misses the Net.
7:32 of 3rd period - Shot by Alexander Steen.
7:32 of 3rd period - Stopped by Andrei Vasilevskiy without a rebound.
7:33 of 3rd period - Alexandre Burrows wins face-off versus Adam Lowry in Flames zone.
7:34 of 3rd period - Shot by Joakim Nordstrom.
7:34 of 3rd period - Stopped by Andrei Vasilevskiy without a rebound.
7:35 of 3rd period - Dylan Larkin wins face-off versus Adam Lowry in Flames zone.
7:36 of 3rd period - Shot by Alexandre Burrows.
7:36 of 3rd period - Stopped by Andrei Vasilevskiy with a rebound.
7:40 of 3rd period - Shot by Joakim Nordstrom.
7:40 of 3rd period - Stopped by Andrei Vasilevskiy without a rebound.
7:41 of 3rd period - Alexander Steen wins face-off versus Adam Lowry in Flames zone.
7:41 of 3rd period - Mats Zuccarello is hit by Justin Faulk and loses puck.
8:21 of 3rd period - Shot by Kyle Palmieri.
8:21 of 3rd period - Stopped by Jimmy Howard without a rebound.
8:22 of 3rd period - Martin Hanzal wins face-off versus Peter Holland in Avalanche zone.
8:22 of 3rd period - Martin Hanzal is hit by Devante Smith-Pelly.
8:42 of 3rd period - Shot by Tomas Hertl.
8:42 of 3rd period - Shot Misses the Net.
8:58 of 3rd period - Shot by Dustin Brown.
8:58 of 3rd period - Shot Misses the Net.
9:07 of 3rd period - Tomas Hertl is hit by Josh Gorges and loses puck.
9:28 of 3rd period - Shot by Ty Rattie.
9:28 of 3rd period - Stopped by Andrei Vasilevskiy without a rebound.
9:29 of 3rd period - Antoine Vermette wins face-off versus Mats Zuccarello in Flames zone.
9:44 of 3rd period - Shot by Antoine Vermette.
9:44 of 3rd period - Stopped by Jimmy Howard without a rebound.
9:45 of 3rd period - Dylan Larkin wins face-off versus Adam Lowry in Avalanche zone.
10:14 of 3rd period - Shot by Dylan Larkin.
10:14 of 3rd period - Shot Misses the Net.
11:34 of 3rd period - Shot by Antoine Vermette.
11:34 of 3rd period - Shot Misses the Net.
11:40 of 3rd period - Shot by Antoine Vermette.
11:40 of 3rd period - Shot Misses the Net.
11:44 of 3rd period - Shot by James van Riemsdyk.
11:44 of 3rd period - Goal by James van Riemsdyk - Avalanche : 3 - Flames : 4.
11:45 of 3rd period - Ty Rattie wins face-off versus Peter Holland in neutral zone.
11:50 of 3rd period - Shot by Matt Cullen.
11:50 of 3rd period - Stopped by Andrei Vasilevskiy with a rebound.
11:52 of 3rd period - Shot by Ty Rattie.
11:52 of 3rd period - Stopped by Andrei Vasilevskiy with a rebound.
11:54 of 3rd period - Shot by Tom Gilbert.
11:54 of 3rd period - Stopped by Andrei Vasilevskiy with a rebound.
12:00 of 3rd period - Shot by Ty Rattie.
12:00 of 3rd period - Shot Misses the Net.
12:41 of 3rd period - Antoine Vermette is hit by Willie Mitchell and loses puck.
12:54 of 3rd period - Shot by James van Riemsdyk.
12:54 of 3rd period - Shot Misses the Net.
12:56 of 3rd period - Shot by Antoine Vermette.
12:56 of 3rd period - Deflect By James van Riemsdyk.
12:56 of 3rd period - Shot Blocked by Willie Mitchell.
12:58 of 3rd period - Shot by James van Riemsdyk.
12:58 of 3rd period - Shot Blocked by Tom Gilbert.
13:48 of 3rd period - Shot by Dustin Brown.
13:48 of 3rd period - Stopped by Jimmy Howard without a rebound.
13:49 of 3rd period - Martin Hanzal wins face-off versus Jarret Stoll in Avalanche zone.
13:51 of 3rd period - Icing by Max Domi.
13:52 of 3rd period - Adam Lowry wins face-off versus Martin Hanzal in Avalanche zone.
13:52 of 3rd period - Justin Faulk is hit by Kevin Bieksa and loses puck.
14:05 of 3rd period - Shot by Kyle Palmieri.
14:05 of 3rd period - Shot Misses the Net.
14:07 of 3rd period - Shot by Jared Spurgeon.
14:07 of 3rd period - Stopped by Jimmy Howard without a rebound.
14:08 of 3rd period - Antoine Vermette wins face-off versus Mats Zuccarello in Avalanche zone.
14:13 of 3rd period - Shot by James van Riemsdyk.
14:13 of 3rd period - Shot Misses the Net.
14:21 of 3rd period - Shot by Alexander Steen.
14:21 of 3rd period - Stopped by Andrei Vasilevskiy without a rebound.
14:22 of 3rd period - Adam Lowry wins face-off versus Martin Hanzal in Flames zone.
14:31 of 3rd period - Shot by Tomas Hertl.
14:31 of 3rd period - Shot Misses the Net.
14:33 of 3rd period - Shot by Martin Hanzal.
14:33 of 3rd period - Shot Misses the Net.
14:35 of 3rd period - Shot by Kevin Shattenkirk.
14:35 of 3rd period - Stopped by Andrei Vasilevskiy without a rebound.
14:36 of 3rd period - Antoine Vermette wins face-off versus Alexander Steen in Flames zone.
14:43 of 3rd period - Shot by Shane Doan.
14:43 of 3rd period - Goal by Shane Doan - Avalanche : 3 - Flames : 5.
14:44 of 3rd period - Martin Hanzal wins face-off versus James van Riemsdyk in neutral zone.
15:03 of 3rd period - Shot by Max Domi.
15:03 of 3rd period - Goal by Max Domi - Avalanche : 4 - Flames : 5.
15:04 of 3rd period - Alexander Steen wins face-off versus Adam Lowry in neutral zone.
15:19 of 3rd period - Shot by Alexander Steen.
15:19 of 3rd period - Stopped by Andrei Vasilevskiy without a rebound.
15:20 of 3rd period - Antoine Vermette wins face-off versus Martin Hanzal in Flames zone.
15:20 of 3rd period - Antoine Vermette is hit by Martin Hanzal.
15:26 of 3rd period - Martin Hanzal is hit by James van Riemsdyk and loses puck.
15:43 of 3rd period - Shot by Antoine Vermette.
15:43 of 3rd period - Stopped by Jimmy Howard without a rebound.
15:44 of 3rd period - Adam Lowry wins face-off versus Alexander Steen in Avalanche zone.
15:50 of 3rd period - Sami Vatanen is hit by Justin Faulk and loses puck.
16:01 of 3rd period - Shot by Jeff Skinner.
16:01 of 3rd period - Shot Misses the Net.
16:04 of 3rd period - Icing by Jared Spurgeon.
16:05 of 3rd period - Tomas Hertl wins face-off versus Adam Lowry in Flames zone.
16:12 of 3rd period - Shot by Tomas Hertl.
16:12 of 3rd period - Shot Misses the Net.
16:14 of 3rd period - Shot by Kevin Shattenkirk.
16:14 of 3rd period - Stopped by Andrei Vasilevskiy without a rebound.
16:15 of 3rd period - Antoine Vermette wins face-off versus Jeff Skinner in Flames zone.
16:23 of 3rd period - Off-side.
16:24 of 3rd period - Antoine Vermette wins face-off versus Martin Hanzal in neutral zone.
16:24 of 3rd period - Antoine Vermette is hit by Tomas Hertl.
16:32 of 3rd period - Minor Penalty to James van Riemsdyk for Roughing.
16:32 of 3rd period - Minor Penalty to Martin Hanzal for Hooking.
16:33 of 3rd period - Tomas Hertl wins face-off versus Andrej Nestrasil in neutral zone.
16:36 of 3rd period - Shot by Jeff Skinner.
16:36 of 3rd period - Shot Blocked by John Carlson.
16:50 of 3rd period - Shot by Tomas Hertl.
16:50 of 3rd period - Stopped by Andrei Vasilevskiy without a rebound.
16:51 of 3rd period - Andrej Nestrasil wins face-off versus Alexander Steen in Flames zone.
17:01 of 3rd period - Icing by Willie Mitchell.
17:02 of 3rd period - Alexander Steen wins face-off versus Andrej Nestrasil in Avalanche zone.
17:37 of 3rd period - Shot by Mats Zuccarello.
17:37 of 3rd period - Stopped by Andrei Vasilevskiy without a rebound.
17:38 of 3rd period - Tomas Hertl wins face-off versus Boyd Gordon in Flames zone.
17:41 of 3rd period - Shot by Jeff Skinner.
17:41 of 3rd period - Shot Misses the Net.
17:57 of 3rd period - Off-side.
17:58 of 3rd period - Andrej Nestrasil wins face-off versus Tomas Hertl in neutral zone.
18:07 of 3rd period - Shot by Boyd Gordon.
18:07 of 3rd period - Shot Misses the Net.
18:25 of 3rd period - Shot by Jeff Skinner.
18:25 of 3rd period - Stopped by Andrei Vasilevskiy without a rebound.
18:26 of 3rd period - Dustin Brown wins face-off versus Alexander Steen in Flames zone.
18:39 of 3rd period - Avalanche, Jimmy Howard is pulled from the net.
18:41 of 3rd period - Shot by Dylan Larkin.
18:41 of 3rd period - Stopped by Andrei Vasilevskiy without a rebound.
18:42 of 3rd period - Matt Cullen wins face-off versus Dustin Brown in Flames zone.
18:45 of 3rd period - Shot by Ty Rattie.
18:45 of 3rd period - Stopped by Andrei Vasilevskiy without a rebound.
18:46 of 3rd period - Antoine Vermette wins face-off versus Matt Cullen in Flames zone.
18:53 of 3rd period - Shot by Antoine Vermette.
18:53 of 3rd period - Shot Misses the Net.
18:58 of 3rd period - Tyson Barrie is hit by Antoine Vermette and loses puck.
19:02 of 3rd period - Jaccob Slavin is hit by Shane Doan and loses puck.
19:17 of 3rd period - Icing by Alec Martinez.
19:18 of 3rd period - Matt Cullen wins face-off versus Antoine Vermette in Flames zone.
19:37 of 3rd period - Kevin Shattenkirk is hit by Alec Martinez and loses puck.
Goals for this period are 1 for Avalanche vs 2 for Flames.
Shots for this period are 22 for Avalanche vs 12 for Flames.